 Dungeon Crawl Stone Soup version 0.16.0-17-g811c1d7 (webtiles) character file.

306523 timbw the Sensei (level 19, -21/146 (150) HPs)
             Began as a Vampire Air Elementalist on Mar 21, 2015.
             Was the Champion of Jiyva.
             Demolished by an ettin
             ... wielding a +0 dire flail
              (54 damage)
             ... on level 4 of the Vaults.
             The game lasted 02:14:31 (34299 turns).

timbw the Sensei (Vampire Air Elementalist)        Turns: 34299, Time: 02:14:31

HP:   -21/146 (150) AC:  8    Str:  9    XL:     19   Next: 91%
MP:   13/16         EV: 28    Int: 25    God:    Jiyva [******]
Gold: 2334          SH:  0    Dex: 25    Spells: 10 memorised, 5 levels left

rFire  . . .     SeeInvis +       - Unarmed
rCold  + + .     Clarity  .     x - +0 robe of Proximity {rElec rC+ MP-9 Dex+6 Slay+3}
rNeg   . . .     SustAb   .     (no shield)
rPois  +         Gourm    .     (helmet restricted)
rElec  +         Spirit   .     I - +2 cloak {+Inv}
rCorr  +         Warding  .     y - +0 pair of gloves
rMut   .         NoTele   +     (no boots)
MR     ++...                    S - amulet "Troisyoh" {-Tele +Rage rC+ MP-9 Str+3 Int+6}
Stlth  +++.......               o - ring of protection from magic
                                G - ring of poison resistance

@: regenerating, deflect missiles, very resistant to hostile enchantments,
fairly stealthy
A: bottle blood, fangs 3, horns 2, rugged brown scales 1, see invisible,
mutation resistance 1, shaggy fur 1, unbreathing, acidic bite, gelatinous body
1, pseudopods 1
a: Request Jelly, Jelly Paralyse, Slimify, Cure Bad Mutation, Renounce Religion,
Evoke Berserk Rage, Evoke Invisibility
}: 3/15 runes: decaying, slimy, gossamer


You were on level 4 of the Vaults.
You worshipped Jiyva.
Jiyva was exalted by your worship.
You were very full.

You visited 8 branches of the dungeon, and saw 50 of its levels.
You visited the Abyss 1 time.
You also visited: Labyrinth, Ossuary and Ice Cave.

You collected 3643 gold pieces.
You spent 1309 gold pieces at shops.

Inventory:

Armour
 x - the +0 robe of Proximity (worn) {rElec rC+ MP-9 Dex+6 Slay+3}
   (You found it on level 4 of the Dungeon)

   It affects your dexterity (+6).
   It affects your accuracy and damage with ranged weapons and melee attacks
   (+3).
   It protects you from cold.
   It insulates you from electricity.
   It affects your magic capacity (-9).
 y - a +0 pair of gloves (worn)
 I - a +2 cloak of invisibility (worn)
 L - the +1 helmet of Starshine {rF+ Regen+ Str+4 Dex+2}
   (You found it on level 1 of the Vaults)

   It affects your strength (+4).
   It affects your dexterity (+2).
   It protects you from fire.
   It increases your rate of regeneration.
 M - a troll hide
Jewellery
 i - the macabre finger necklace {Ward rN+}
   (You found it on level 15 of the Dungeon)

   [amulet of warding]

   It may prevent the melee attacks of summoned creatures.
   It protects you from negative energy.
 k - the amulet of Xom's Whimsicality {Clar -Tele rC+ Str+4 Dex+7, unknown}
   (You found it on level 2 of the Vaults)

   [amulet of clarity]

   It provides mental clarity.
   It affects your strength (+4).
   It affects your dexterity (+7).
   It protects you from cold.
   It prevents most forms of teleportation.
 o - a ring of protection from magic (right hand)
 u - an uncursed ring of protection from cold
 A - an uncursed amulet of clarity
 G - a ring of poison resistance (left hand)
 N - an uncursed amulet of resist corrosion {unknown}
 P - an uncursed amulet of guardian spirit
 S - the amulet "Troisyoh" (around neck) {-Tele +Rage rC+ MP-9 Str+3 Int+6}
   (You found it on level 6 of the Pits of Slime)

   [amulet of rage]

   It affects your strength (+3).
   It affects your intelligence (+6).
   It protects you from cold.
   It affects your magic capacity (-9).
   It lets you go berserk.
   It prevents most forms of teleportation.
Magical devices
 a - a wand of cold (7)
 g - a wand of hasting (2)
 q - a wand of digging (7)
 B - a wand of teleportation (4)
 O - a wand of fire (8)
 Q - a wand of paralysis (10)
 T - a wand of disintegration (0)
 U - a wand of paralysis (9)
 X - a wand of fire (8)
 Y - a wand of teleportation (1)
 Z - a wand of draining (3)
Scrolls
 h - 6 scrolls of identify
 j - 19 scrolls of remove curse
 m - 14 scrolls of teleportation
 p - 6 scrolls of fear
 r - 8 scrolls of blinking
 s - 5 scrolls of recharging
 w - 2 scrolls of magic mapping
 H - 4 scrolls of fog
 V - a scroll of enchant armour
 W - a scroll of silence
Potions
 c - 2 potions of might
 d - 12 potions of curing
 e - 3 potions of invisibility
 f - a potion of brilliance
 l - 3 potions of magic
 n - 2 potions of resistance
 t - 3 potions of flight
 v - 3 potions of agility
 z - 2 potions of restore abilities
 E - 3 potions of haste
 F - 3 potions of heal wounds
 J - 3 potions of berserk rage
 R - 4 potions of lignification
Books
 C - a book of Enchantments

   Spells                             Type                      Level
   a - Tukima's Dance                 Hexes                        3
   b - Cause Fear                     Hexes                        4
   c - Silence                        Hexes/Air                    5
   d - Deflect Missiles               Charms/Air                   6
   e - Haste                          Charms                       6
   f - Discord                        Hexes                        8
 K - the Reference Book on the Damaging Entourage
   (You found it on level 7 of the Dungeon)

   Spells                             Type                      Level
   a - Flame Tongue                   Conjuration/Fire             1
   b - Summon Butterflies             Summoning                    1
   c - Recall                         Summoning/Translocation      3
   d - Sticky Flame                   Conjuration/Fire             4
   e - Summon Lightning Spire         Summoning/Air                4
   f - Spellforged Servitor           Conjuration/Summoning        7
Miscellaneous
 b - a lamp of fire
 D - a phial of floods (inert)


   Skills:
 + Level 11.8 Fighting
 + Level 14.2 Dodging
 - Level 3.0 Stealth
 * Level 22.9 Unarmed Combat
 * Level 8.7 Spellcasting
 - Level 0.6 Conjurations
 * Level 8.7 Hexes
 - Level 15.4 Charms
 - Level 3.3 Necromancy
 - Level 0.7 Translocations
 - Level 9.6 Air Magic
 - Level 10.5 Evocations


You had 5 spell levels left.
You knew the following spells:

 Your Spells              Type           Power        Failure   Level  Hunger
a - Shock                 Conj/Air       ####         1%          1    None
b - Repel Missiles        Chrm/Air       ######       1%          2    None
c - Cure Poison           Pois           ##........   10%         2    None
d - Regeneration          Chrm/Necr      ######....   1%          3    None
e - Haste                 Chrm           ######..     1%          6    ######.
f - Apportation           Tloc           ##........   6%          1    None
g - Deflect Missiles      Chrm/Air       ######....   6%          6    ######.
h - Animate Skeleton      Necr           N/A          1%          1    None
i - Silence               Hex/Air        ######....   4%          5    ####...
j - Ozocubu's Armour      Chrm/Ice       #####...     1%          3    None


Dungeon Overview and Level Annotations

Branches:
Dungeon (15/15)            Temple (0/1) D:4            Lair (8/8) D:10
  Swamp (5/5) Lair:4       Spider (5/5) Lair:6        Slime (6/6) Lair:6
    Orc (4/4) D:12            Elf (3/3) Orc:4        Vaults (4/5) D:13
  Crypt (0/3) Vaults:2     Depths (0/5) D:15

Altars:
Ashenzari
Dithmenos
Fedhas
Gozag
Kikubaaqudgha
Makhleb
Okawaru
Qazlal
Ru
Sif Muna
Vehumet
Xom
Zin
The Shining One
Beogh
Jiyva

Shops:
D:9 [   D:10 (   D:12 ?   Orc:2 (*   Orc:4 [(((   Elf:1 :   Vaults:2 *

Annotations:
D:7 exclusion: statue
D:15 1 runed door
Lair:3 exclusion: hydra
Lair:6 exclusion: 2 hydras
Slime:6 Royal Jelly
Elf:2 3 runed doors


Innate Abilities, Weirdness & Mutations

Your natural rate of healing is unusually fast.
You can bottle blood from corpses.
You have razor-sharp teeth.
You have supernaturally acute eyesight.
You can survive without breathing.
You have a pair of horns on your head.
You are partially covered in rugged brown scales (AC +1, +3% HP).
You are somewhat resistant to further mutation.
You are covered in fur (AC +1).
You have acidic saliva.
Your rubbery body absorbs attacks (AC +1).
Armour fits poorly on your pseudopods.


Message History

Splash!
You fall into the shallow water.
Moving in this stuff is going to be slow.
The water rises up and takes form.
The ettin barely misses you. The ettin hits you with a dire flail!!
* * * LOW HITPOINT WARNING * * *
Unknown command.
There is a stone staircase leading up here.
Unknown command.
Drink which item? (? for menu, Esc to quit)
You feel much better.
The freezing wraith hits your water elemental!!
The freezing wraith freezes your water elemental!
The freezing wraith misses your water elemental.
The vault sentinel points at you and mumbles some strange words.
You resist with significant effort.
Your water elemental hits the vault guard!
Your water elemental engulfs the vault guard in water!
The ettin hits you with a dire flail!!!
You die...

#...##.......#
#...##.......#
#...##.......#
#...##.......#
#...##.......#
#...##.......#
#..≈###'######
########.≈≈'≈≈....#
.........pEpC@....#
..........≈W#≈o....#
............#≈.....#
............p......#
.........pp#......#
.......)...########
########'#'# ......
.........


You could see a vault guard, an orc knight, an ettin, a vault sentinel, 2
ironbrand convokers, a freezing wraith and a friendly water elemental.

Vanquished Creatures
  4 deep elf blademasters
  A tentacled monstrosity (Swamp:4)
  2 deep elf master archers (Elf:3)
  2 thorn hunters (Swamp:5)
  A tengu reaver (Vaults:3)
  An ancient champion (Vaults:2)
  A frost giant (IceCv)
  Donald (Elf:3)
  An orc warlord (Orc:4)
  8 emperor scorpions
  Aizul (Spider:4)
  A ghost moth (Spider:5)
  8 deep elf sorcerers
  9 vault wardens
  10 ironheart preservers
  4 stone giants
  10 deep elf demonologists
  A very ugly thing (Vaults:2)
  Azrael (D:14)
  8 deep elf annihilators
  13 deep elf death magi
  Snorg (Orc:2)
  The ghost of puimuR the Cleaver, a powerful DsAM of Qazlal (Elf:1)
  6 vault guards
  A minotaur (Lab)
  2 deep elf high priests (Elf:3)
  Josephine (Orc:2)
  5 yaktaur captains
  4 rakshasas
  Fannar (D:14)
  25 hydras
  A deep troll earth mage (Vaults:1)
  9 ogre magi
  A dancing weapon (Elf:2)
  A catoblepas (D:14)
  6 centaur warriors
  2 orc high priests (Orc:4)
  An alligator (Swamp:3)
  The ghost of McCoppin the Covert, an experienced OpSu of Dithmenos (D:10)
  5 death yaks
  Urug (Orc:2)
  Nergalle (Lair:5)
  2 fire crabs (Vaults:2)
  A soul eater (Vaults:3)
  4 skeletal warriors (Vaults:2)
  A wizard (Vaults:2)
  16 deep elf knights
  5 deep trolls
  9 deep elf summoners
  25 yaktaurs
  10 swamp dragons
  An anubis guard (shapeshifter) (Elf:3)
  4 unseen horrors
  An ice statue (IceCv)
  A shambling mangrove (Swamp:5)
  6 hill giants
  A necromancer (Lair:3)
  4 harpies (Vaults:2)
  A swamp dragon (shapeshifter) (Vaults:1)
  6 orc knights
  5 orc sorcerers
  12 deep elf conjurers
  8 orb spiders
  5 ironbrand convokers
  3 griffons
  A water nymph (shapeshifter) (Vaults:1)
  The ghost of puimuR the Cleaver, an experienced DsAM (D:8)
  A cyclops (shapeshifter) (Vaults:3)
  4 cyclopes
  21 ugly things
  A sixfirhy (Elf:3)
  2 large abominations (Elf:2)
  A manticore (D:14)
  10 wolf spiders
  3 hornets
  7 elephants
  An orange demon (Elf:3)
  A small abomination (Elf:3)
  2 moths of wrath
  A smoke demon (Elf:3)
  2 torpor snails
  2 naga magi (D:15)
  Psyche (Orc:1)
  9 vault sentinels
  A black mamba (shapeshifter) (Elf:1)
  7 black mambas
  2 gargoyles (D:13)
  2 kobold demonologists
  A guardian serpent (D:10)
  7 komodo dragons
  15 spiny frogs
  15 deep elf priests
  6 demonic crawlers
  A red devil (Elf:3)
  4 fire drakes
  2 trolls
  17 two-headed ogres
  A tengu simulacrum (Vaults:1)
  8 jumping spiders
  2 spriggan druids
  A harpy zombie (D:15)
  4 wandering mushrooms (Lab)
  4 blink frogs (Lair:5)
  Sonja (Orc:2)
  A freezing wraith (Vaults:3)
  29 polar bears
  A wolf spider simulacrum (D:15)
  2 giant leeches
  6 boulder beetles
  2 wind drakes (shapeshifter)
  4 bog bodies
  A raven (Lair:4)
  5 basilisks
  A stone giant simulacrum (Vaults:3)
  A basilisk (shapeshifter) (Elf:2)
  A harpy skeleton (D:14)
  10 tarantellas
  A human (D:13)
  A spriggan (shapeshifter) (Vaults:2)
  A shadow (Vaults:2)
  4 fire elementals (D:14)
  36 redbacks
  9 trapdoor spiders
  5 wraiths
  66 yaks
  2 water elementals (D:12)
  A centaur simulacrum (D:14)
  A hungry ghost (D:10)
  Eustachio (D:7)
  14 spriggans
  A wyvern (Lair:8)
  27 deep elf magi
  31 deep elf fighters
  10 hippogriffs
  22 vampire mosquitoes
  A hippogriff (shapeshifter) (Elf:2)
  A hog (shapeshifter) (Vaults:1)
  5 insubstantial wisps (Swamp:5)
  42 wolves
  5 swamp worms
  4 wargs
  18 water moccasins
  4 hell hounds (D:14)
  A mottled dragon (Vaults:2)
  9 porcupines
  6 ice beasts
  2 soldier ants (D:9)
  3 necrophages
  8 swamp drakes
  6 wasps
  15 spiders
  A spider (shapeshifter) (Vaults:3)
  30 ogres
  40 orc warriors
  9 black bears
  4 phantoms
  4 big kobolds
  17 crocodiles
  2 sky beasts
  18 centaurs
  A lost soul (Elf:2)
  Duvessa (D:7)
  2 elf zombies (Ossuary)
  15 giant frogs
  A wyvern skeleton (D:14)
  A water moccasin zombie (D:7)
  19 killer bees
  8 wights
  4 scorpions
  2 quasits
  An orc simulacrum (Vaults:2)
  7 electric eels
  Dowan (D:7)
  3 centaur zombies
  A giant frog zombie (D:9)
  4 crimson imps
  3 goliath beetles
  4 centaur skeletons
  A giant frog skeleton (D:10)
  8 hounds
  13 iguanas
  32 orc priests
  8 worker ants
  3 hell rats
  Natasha (thrice) (D:6)
  39 orc wizards
  3 wolf simulacra (Lair:3)
  4 polar bear simulacra (Lair:3)
  A yak simulacrum (Lair:3)
  A big kobold zombie (Ossuary)
  4 sheep (D:13)
  Jessica (D:2)
  3 hound zombies
  An elf simulacrum (Vaults:1)
  A hound skeleton (D:5)
  4 mummies (Ossuary)
  20 adders
  6 gnolls
  64 river rats
  4 shadow imps
  4 worms
  3 giant mites
  3 adder zombies
  2 adder skeletons
  5 giant geckos
  172 orcs
  A bat zombie (D:8)
  4 giant cockroaches
  2 gnoll zombies (Ossuary)
  13 hobgoblins
  4 jackals (D:3)
  31 kobolds
  6 quokkas
  9 bats
  A giant gecko skeleton (D:7)
  6 giant newts
  19 goblins
  A hobgoblin zombie (Ossuary)
  4 jackal zombies
  An orc zombie (Ossuary)
  12 rats
  A rat zombie (Ossuary)
  3 river rat simulacra (Lair:3)
  6 ballistomycetes (D:8)
  4 crawling corpses
  3 fungi
1641 creatures vanquished.

Vanquished Creatures (collateral kills)
  Rupert (Swamp:5)
  An ettin (Orc:4)
  A jumping spider (Spider:3)
  A troll (Orc:4)
  2 swamp drakes (Swamp:5)
6 creatures vanquished.

Vanquished Creatures (others)
  An alligator (Swamp:5)
  An ogre mage (Vaults:1)
  A giant orange brain (Vaults:2)
  A deep elf conjurer (Elf:1)
  A centaur zombie (D:11)
  2 two-headed ogres (Vaults:1)
  5 slime creatures
  2 deep elf magi
  3 water moccasins
  A wraith (D:11)
  A deep elf fighter (Elf:1)
  A golden eye (Slime:3)
  A vampire mosquito (Vaults:1)
  A wolf (IceCv)
  3 ogres (Vaults:1)
  A porcupine (Lair:6)
  A warg (Orc:2)
  A black bear (Lair:7)
  3 lost souls
  3 giant frogs
  A brain worm (D:15)
  146 jellies
  A crimson imp (D:15)
  An orc priest (Orc:4)
  A hound (D:12)
  A giant frog zombie (D:13)
  An iguana (D:13)
  3 orc wizards
  An adder (Lair:6)
  A river rat (Lair:7)
  20 orcs
  2 hobgoblins (Orc:4)
  3 kobolds
  A giant spore (D:8)
  4 goblins
  7 fungi
  4 plants (Lair:1)
232 creatures vanquished.

Grand Total: 1879 creatures vanquished

Notes
Turn   | Place    | Note
--------------------------------------------------------------
     0 | D:1      | timbw, the Vampire Air Elementalist, began the quest for the Orb.
     0 | D:1      | Reached XP level 1. HP: 13/13 MP: 3/3
   125 | D:1      | Reached skill level 1 in Unarmed Combat
   303 | D:1      | Reached XP level 2. HP: 19/19 MP: 4/4
   728 | D:2      | Reached XP level 3. HP: 24/24 MP: 6/6
   922 | D:2      | Noticed Jessica
   931 | D:2      | Killed Jessica
   968 | D:2      | Reached skill level 4 in Unarmed Combat
   968 | D:2      | Reached XP level 4. HP: 20/30 MP: 7/7
  1108 | D:2      | Found an iron altar of Okawaru.
  1200 | D:3      | Noticed an ogre
  1507 | D:3      | Reached skill level 5 in Unarmed Combat
  1538 | D:3      | Reached XP level 5. HP: 19/35 MP: 9/9
  1967 | D:4      | Reached skill level 6 in Unarmed Combat
  2039 | D:4      | Reached XP level 6. HP: 37/41 MP: 10/10
  2302 | D:4      | Found a stormy altar of Qazlal.
  2357 | D:4      | Found a staircase to the Ecumenical Temple.
  2416 | D:4      | Reached skill level 7 in Unarmed Combat
  2709 | D:4      | Noticed a phantom
  2735 | D:4      | Killed a phantom
  2837 | D:4      | Got a twisted robe
  2849 | D:4      | Identified the +0 robe of Proximity {rElec rC+ MP-9 Dex+6 Slay+3} (You found it on level 4 of the Dungeon)
  2945 | D:5      | Entered Level 5 of the Dungeon
  2968 | D:5      | Reached XP level 7. HP: 44/47 MP: 12/12
  3067 | D:5      | You fall through a shaft!
  3072 | D:6      | Reached skill level 8 in Unarmed Combat
  3073 | D:6      | Reached skill level 1 in Fighting
  3145 | D:6      | Noticed Natasha
  3154 | D:6      | Killed Natasha
  3203 | D:6      | Noticed Natasha
  3211 | D:6      | Killed Natasha
  3541 | D:5      | Found a glowing golden altar of the Shining One.
  3612 | D:5      | Learned a level 2 spell: Repel Missiles
  3807 | D:6      | Reached skill level 9 in Unarmed Combat
  3823 | D:6      | Found an ancient bone altar of Kikubaaqudgha.
  3828 | D:6      | Reached XP level 8. HP: 51/57 MP: 13/13
  3833 | D:6      | Found a deep blue altar of Sif Muna.
  3833 | D:6      | Found a sacrificial altar of Ru.
  3834 | D:6      | Found a burning altar of Makhleb.
  3835 | D:6      | Found a shadowy altar of Dithmenos.
  3837 | D:6      | Found a blossoming altar of Fedhas.
  4085 | D:6      | Noticed Natasha
  4228 | D:6      | Killed Natasha
  4267 | D:7      | Noticed Duvessa
  4267 | D:7      | Noticed Dowan
  4309 | D:7      | Found Zin's Purification Station.
  4314 | D:7      | Found a glowing silver altar of Zin.
  4320 | D:7      | Bought a potion of curing for 90 gold pieces
  4322 | D:7      | Noticed Eustachio
  4330 | D:7      | Killed Eustachio
  4354 | D:7      | Reached skill level 10 in Unarmed Combat
  4371 | D:7      | Reached skill level 5 in Dodging
  4418 | D:7      | Identified the Reference Book on the Damaging Entourage (You found it on level 7 of the Dungeon)
  4589 | D:8      | Reached XP level 9. HP: 58/65 MP: 14/14
  4724 | D:8      | Found a sand-covered staircase.
  4728 | Ossuary  | Entered an ossuary
  4757 | Ossuary  | Reached skill level 11 in Unarmed Combat
  5358 | D:8      | Noticed puimuR's ghost (experienced DsAM)
  5378 | D:8      | Killed puimuR's ghost
  5378 | D:8      | Reached skill level 5 in Fighting
  5712 | D:8      | Found a radiant altar of Vehumet.
  5730 | D:8      | Found a shattered altar of Ashenzari.
  6037 | D:7      | Killed Duvessa
  6037 | D:7      | Reached skill level 12 in Unarmed Combat
  6037 | D:7      | Reached XP level 10. HP: 36/75 MP: 16/16
  6043 | D:7      | Killed Dowan
  6391 | D:7      | Found a radiant altar of Vehumet.
  6605 | D:9      | Found Cueklept's Armour Shop.
  7657 | D:10     | Entered Level 10 of the Dungeon
  7683 | D:10     | Noticed a hill giant
  7693 | D:10     | Reached skill level 13 in Unarmed Combat
  7737 | D:10     | Killed a hill giant
  7759 | D:10     | Noticed a guardian serpent
  7769 | D:10     | Killed a guardian serpent
  8073 | D:10     | Noticed an elephant
  8090 | D:10     | Killed an elephant
  8100 | D:10     | Noticed McCoppin's ghost (experienced OpSu)
  8113 | D:10     | Killed McCoppin's ghost
  8113 | D:10     | Reached XP level 11. HP: 76/83 MP: 17/17
  8169 | D:10     | Found a staircase to the Lair.
  8226 | D:10     | Found Wifemp's Antique Weapon Emporium.
  8289 | D:10     | Found a glowing golden altar of the Shining One.
  8522 | D:10     | Noticed a guardian serpent
  8569 | D:11     | Noticed a four-headed hydra
  8695 | D:11     | Reached skill level 14 in Unarmed Combat
  8803 | D:11     | Noticed a four-headed hydra
  8867 | Lair:1   | Entered Level 1 of the Lair of Beasts
  9284 | Lair:1   | Reached skill level 1 in Evocations
  9848 | Lair:1   | Noticed an eight-headed hydra
 10037 | Lair:2   | Noticed a four-headed hydra
 10074 | Lair:2   | Killed a four-headed hydra
 10305 | Lair:2   | Reached skill level 10 in Dodging
 11229 | Lair:3   | Reached XP level 12. HP: 78/93 MP: 18/18
 11283 | Lair:3   | Reached skill level 15 in Unarmed Combat
 11738 | Lair:3   | Noticed a necromancer
 11742 | Lair:3   | Killed a necromancer
 11924 | Lair:3   | Noticed a four-headed hydra
 11932 | Lair:3   | Killed a four-headed hydra
 12081 | Lair:3   | Noticed an eight-headed hydra
 12446 | Lair:4   | Noticed a seven-headed hydra
 12552 | Lair:4   | Reached skill level 5 in Evocations
 12632 | Lair:4   | Found a labyrinth entrance.
 12649 | Lair:4   | Found a staircase to the Swamp.
 12665 | Lab      | Entered a labyrinth
 13272 | Lab      | Noticed a minotaur
 13277 | Lab      | Killed a minotaur
 13277 | Lab      | Reached skill level 16 in Unarmed Combat
 13290 | Lab      | Got a heavily runed leather armour
 13303 | Lab      | Identified the +3 leather armour of the Storm King {Int+7} (You found it in a labyrinth)
 13316 | Lab      | Learned a level 2 spell: Cure Poison
 13320 | Lab      | Learned a level 3 spell: Regeneration
 13761 | Lair:5   | Reached XP level 13. HP: 73/101 MP: 22/22
 13859 | Lair:5   | Noticed Nergalle
 14405 | Lair:5   | Noticed a six-headed hydra
 14412 | Lair:5   | Killed a six-headed hydra
 14742 | Lair:6   | Found a hole to the Spider Nest.
 15054 | Lair:6   | Found a viscous altar of Jiyva.
 15055 | Lair:6   | Found a staircase to the Slime Pits.
 15061 | Lair:6   | Became a worshipper of Jiyva Jenta the Shapeless
 16098 | Lair:7   | Acquired Jiyva's first power
 16138 | Lair:7   | Learned a level 6 spell: Haste
 16515 | Lair:7   | Reached skill level 1 in Charms
 16568 | Lair:7   | Reached skill level 1 in Necromancy
 16585 | Lair:8   | Entered Level 8 of the Lair of Beasts
 16648 | Lair:8   | Acquired Jiyva's second power
 16859 | Lair:8   | Gained mutation: Your muscles are strong. (Str +2) [Jiyva's grace]
 16885 | Lair:8   | Found a frozen archway.
 16894 | IceCv    | Entered an ice cave
 16911 | IceCv    | Reached skill level 17 in Unarmed Combat
 16957 | IceCv    | Identified the Tome of the Entourage (You found it in an ice cave)
 17255 | IceCv    | Reached skill level 10 in Fighting
 17398 | IceCv    | Acquired Jiyva's third power
 17400 | IceCv    | Lost mutation: Your muscles are strong. (Str +2) [Jiyva's grace]
 17412 | IceCv    | Noticed a frost giant
 17440 | IceCv    | Reached XP level 14. HP: 104/110 MP: 25/25
 17449 | IceCv    | Killed a frost giant
 17449 | IceCv    | Reached skill level 5 in Charms
 17489 | IceCv    | Gained mutation: You are partially covered in icy blue scales (AC +1). [potion of mutation]
 17489 | IceCv    | Gained mutation: You are resistant to electric shocks. [potion of mutation]
 17938 | Lair:8   | Gained mutation: Your rubbery body absorbs attacks (AC +1). [Jiyva's grace]
 17951 | Lair:8   | Acquired Jiyva's fourth power
 17972 | Lair:8   | Lost mutation: Your rubbery body absorbs attacks (AC +1). [Jiyva's grace]
 18131 | Lair:8   | Gained mutation: Your mind is acute. (Int +2) [Jiyva's grace]
 18446 | Lair:8   | Lost mutation: Your mind is acute. (Int +2) [Jiyva's grace]
 18573 | Lair:8   | Learned a level 1 spell: Apportation
 18727 | Slime:1  | Entered Level 1 of the Pits of Slime
 18727 | Slime:1  | Noticed an acid blob
 18727 | Slime:1  | Noticed an acid blob
 18733 | Slime:1  | Noticed an acid blob
 18735 | Slime:1  | Noticed an acid blob
 18737 | Slime:1  | Noticed an acid blob
 18756 | Slime:3  | Noticed an acid blob
 18764 | Slime:3  | Noticed an azure jelly
 18769 | Slime:4  | Noticed an azure jelly
 18778 | Slime:4  | Noticed an azure jelly
 18802 | Slime:4  | Noticed an acid blob
 18818 | Slime:6  | Entered Level 6 of the Pits of Slime
 18824 | Slime:6  | Noticed an acid blob
 18836 | Slime:6  | Gained mutation: Your body is slowly deteriorating. [Jiyva's grace]
 18840 | Slime:6  | Noticed an azure jelly
 18844 | Slime:6  | Found a viscous altar of Jiyva.
 18844 | Slime:6  | Noticed the royal jelly
 18849 | Slime:6  | Noticed an acid blob
 18851 | Slime:6  | Gained mutation: You are partially covered in rugged brown scales (AC +1, +3% HP). [Jiyva's grace]
 18857 | Slime:6  | Noticed an acid blob
 18858 | Slime:6  | Noticed an acid blob
 18858 | Slime:6  | Noticed an acid blob
 18867 | Slime:6  | Gained mutation: Your rubbery body absorbs attacks (AC +1). [Jiyva's grace]
 18868 | Slime:6  | Got a slimy rune of Zot
 18877 | Slime:6  | Lost mutation: Your body is slowly deteriorating. [Jiyva's grace]
 18879 | Slime:6  | Got a vibrating amethyst amulet
 18881 | Slime:6  | Identified the amulet "Troisyoh" {-Tele +Rage rC+ MP-9 Str+3 Int+6} (You found it on level 6 of the Pits of Slime)
 18912 | Slime:3  | Noticed an acid blob
 19008 | Lair:5   | Killed Nergalle
 19051 | Lair:4   | Killed a seven-headed hydra
 19103 | Lair:3   | Killed an eight-headed hydra
 19183 | Lair:1   | Killed an eight-headed hydra
 19283 | D:11     | Killed a four-headed hydra
 19331 | D:11     | Gained mutation: Your system is resistant to poisons. [Jiyva's grace]
 19545 | D:11     | Killed a four-headed hydra
 19638 | D:12     | Lost mutation: Your rubbery body absorbs attacks (AC +1). [Jiyva's grace]
 19764 | D:12     | Found Mosuruh's Magic Scroll Shop.
 19772 | D:12     | Bought 3 scrolls of magic mapping for 126 gold pieces
 19772 | D:12     | Bought 2 scrolls of blinking for 180 gold pieces
 19812 | D:12     | Reached skill level 18 in Unarmed Combat
 19858 | D:12     | Found a staircase to the Orcish Mines.
 19887 | Orc:1    | Entered Level 1 of the Orcish Mines
 19949 | Orc:1    | Gained mutation: Your spells are a little harder to cast, but a little more powerful. [Jiyva's grace]
 20002 | Orc:1    | Gained mutation: Your spells are harder to cast, but more powerful. [Jiyva's grace]
 20004 | Orc:1    | Noticed Psyche
 20010 | Orc:1    | Killed Psyche
 20220 | Orc:1    | Gained mutation: Thin tendrils of slime have grown from your body. [Jiyva's grace]
 20305 | Orc:2    | Noticed Josephine
 20308 | Orc:2    | Noticed Sonja
 20325 | Orc:2    | Killed Josephine
 20377 | Orc:2    | Lost mutation: Thin tendrils of slime have grown from your body. [Jiyva's grace]
 20379 | Orc:2    | Killed Sonja
 20391 | Orc:2    | Found Frouc's Antique Weapon Emporium.
 20465 | Orc:2    | Found Owuskam's General Store.
 20469 | Orc:2    | Reached XP level 15. HP: 116/116 MP: 17/26
 20481 | Orc:2    | Noticed Urug
 20484 | Orc:2    | Noticed Snorg
 20490 | Orc:2    | Killed Snorg
 20491 | Orc:2    | Killed Urug
 20500 | Orc:2    | Gained mutation: You are partially covered in iridescent scales (AC +4). [Jiyva's grace]
 20508 | Orc:2    | Lost mutation: You are resistant to electric shocks. [Jiyva's grace]
 20639 | Orc:2    | Gained mutation: You are resistant to hostile enchantments. [Jiyva's grace]
 20781 | Orc:3    | Found a burning altar of Makhleb.
 21080 | Orc:3    | Found a shimmering altar of Xom.
 21155 | Orc:3    | Lost mutation: You are resistant to hostile enchantments. [Jiyva's grace]
 21217 | Orc:4    | Entered Level 4 of the Orcish Mines
 21297 | Orc:4    | Found a roughly hewn altar of Beogh.
 21311 | Orc:4    | Found Suorch's Antique Weapon Shoppe.
 21421 | Orc:4    | Gained mutation: You have acidic saliva. [Jiyva's grace]
 21554 | Orc:4    | Gained mutation: You can spit poison. [Jiyva's grace]
 21575 | Orc:4    | Found a roughly hewn altar of Beogh.
 21575 | Orc:4    | Found Ynuurph's Antique Armour Boutique.
 21577 | Orc:4    | Found Prarch's Antique Weapon Shop.
 21619 | Orc:4    | Bought an ichor-stained helmet for 323 gold pieces
 21631 | Orc:4    | Identified the cursed -3 helmet "Twiblemi" {Contam +Inv rElec rF- Dex+7} (You bought it in a shop on level 4 of the Orcish Mines)
 21651 | Orc:4    | Bought a distressingly furry leather armour for 238 gold pieces
 21661 | Orc:4    | Identified the +3 leather armour "Mnikhlerr" {rCorr Slay+2} (You bought it in a shop on level 4 of the Orcish Mines)
 21668 | Orc:4    | Bought a crude leather armour for 238 gold pieces
 21673 | Orc:4    | Identified the cursed -3 leather armour "Xead" {MR+} (You bought it in a shop on level 4 of the Orcish Mines)
 21785 | Orc:4    | Found a roughly hewn altar of Beogh.
 21785 | Orc:4    | Found Wiafuz's Weapon Shoppe.
 21816 | Orc:4    | Lost mutation: You can spit poison. [Jiyva's grace]
 21827 | Orc:4    | Gained mutation: Your rubbery body absorbs attacks (AC +1). [Jiyva's grace]
 21833 | Orc:4    | Gained mutation: You are robust (+10% HP). [Jiyva's grace]
 21834 | Orc:4    | Gained mutation: You occasionally shout uncontrollably at your foes. [Jiyva's grace]
 21881 | Orc:4    | Found a roughly hewn altar of Beogh.
 21894 | Orc:4    | Gained mutation: Thin tendrils of slime have grown from your body. [Jiyva's grace]
 21913 | Orc:4    | Gained mutation: Your pliable body absorbs attacks (AC +1, EV +1). [Jiyva's grace]
 21970 | Orc:4    | Found a roughly hewn altar of Beogh.
 22019 | Orc:4    | Lost mutation: Your pliable body absorbs attacks (AC +1, EV +1). [Jiyva's grace]
 22028 | Orc:4    | Found a staircase to the Elven Halls.
 22076 | Orc:4    | Found a roughly hewn altar of Beogh.
 22139 | Orc:4    | Lost mutation: Your rubbery body absorbs attacks (AC +1). [Jiyva's grace]
 22343 | D:12     | Gained mutation: Your spells are much harder to cast, but much more powerful. [Jiyva's grace]
 22348 | D:12     | Lost mutation: You are partially covered in rugged brown scales (AC +1, +3% HP). [Jiyva's grace]
 22609 | Lair:3   | Gained mutation: You are somewhat resistant to further mutation. [Jiyva's grace]
 22673 | Swamp:1  | Entered Level 1 of the Swamp
 22697 | Swamp:1  | Identified a scroll of acquirement
 23007 | Swamp:3  | Gained mutation: You are agile. (Dex +2) [Jiyva's grace]
 23075 | Swamp:3  | Gained mutation: Your body is partially covered in golden eyeballs (Acc +3). [Jiyva's grace]
 23097 | Swamp:4  | Noticed a tentacled monstrosity
 23108 | Swamp:4  | Killed a tentacled monstrosity
 23175 | Swamp:5  | Entered Level 5 of the Swamp
 23175 | Swamp:5  | Noticed a thorn hunter
 23177 | Swamp:5  | Killed a thorn hunter
 23306 | Swamp:5  | Noticed Rupert
 23375 | Swamp:5  | Reached skill level 10 in Charms
 23381 | Swamp:5  | Killed Rupert
 23398 | Swamp:5  | Noticed a thorn hunter
 23801 | Swamp:5  | Killed a thorn hunter
 23801 | Swamp:5  | Reached skill level 19 in Unarmed Combat
 23852 | Swamp:5  | Reached XP level 16. HP: 104/132 MP: 20/29
 23873 | Swamp:5  | Got a decaying rune of Zot
 23965 | Swamp:3  | Gained mutation: You are covered in fur (AC +1). [Jiyva's grace]
 24136 | Spider:1 | Entered Level 1 of the Spider Nest
 24490 | Spider:4 | Reached skill level 10 in Evocations
 24503 | Spider:3 | Lost mutation: You are robust (+10% HP). [Jiyva's grace]
 24803 | Spider:4 | Noticed Aizul
 24815 | Spider:4 | Killed Aizul
 24879 | Spider:5 | Entered Level 5 of the Spider Nest
 25113 | Swamp:5  | Gained mutation: Your skin is partially translucent (Stealth, -foe acc). [Jiyva's grace]
 25154 | Spider:5 | Got a gossamer rune of Zot
 25198 | Spider:5 | Gained mutation: Your skin is mostly translucent (Stealth, -foe acc). [Jiyva's grace]
 25200 | Spider:5 | Reached skill level 20 in Unarmed Combat
 25228 | Spider:5 | Lost mutation: Thin tendrils of slime have grown from your body. [Jiyva's grace]
 25741 | D:13     | Lost mutation: Your spells are much harder to cast, but much more powerful. [Jiyva's grace]
 25953 | D:13     | Lost mutation: You are agile. (Dex +2) [Jiyva's grace]
 26020 | D:13     | Found a gate to the Vaults.
 26046 | D:13     | Lost mutation: Your body is partially covered in golden eyeballs (Acc +3). [Jiyva's grace]
 26071 | D:14     | Found an opulent altar of Gozag.
 26309 | D:14     | Noticed Azrael
 26331 | D:14     | Reached XP level 17. HP: 114/126 MP: 21/30
 26339 | D:14     | Killed Azrael
 26489 | D:14     | Noticed Fannar
 26500 | D:14     | Killed Fannar
 26651 | D:14     | Gained mutation: You have a small jelly attached to you that senses nearby items. [Jiyva's grace]
 26692 | D:14     | Lost mutation: You have a small jelly attached to you that senses nearby items. [Jiyva's grace]
 26719 | D:15     | Entered Level 15 of the Dungeon
 26719 | D:15     | Found a deep blue altar of Sif Muna.
 26761 | D:15     | Found a glowing golden altar of the Shining One.
 26766 | D:15     | Found a runed door.
 26827 | D:15     | Found a staircase to the Depths.
 27061 | D:15     | Found a blossoming altar of Fedhas.
 27144 | D:15     | Learned a level 6 spell: Deflect Missiles
 27333 | D:12     | Lost mutation: Your system is resistant to poisons. [Jiyva's grace]
 27357 | Orc:2    | Lost mutation: You occasionally shout uncontrollably at your foes. [Jiyva's power]
 27499 | Elf:1    | Entered Level 1 of the Elven Halls
 27917 | Elf:1    | Reached skill level 21 in Unarmed Combat
 27933 | Elf:1    | Gained mutation: You are weak. (Str -2) [Jiyva's grace]
 27972 | Elf:1    | Gained mutation: Your body is partially covered in golden eyeballs (Acc +3). [Jiyva's grace]
 28011 | Elf:1    | Noticed puimuR's ghost (powerful DsAM)
 28015 | Elf:1    | Gained mutation: Armour fits poorly on your pseudopods. [Jiyva's grace]
 28023 | Elf:1    | Killed puimuR's ghost
 28034 | Elf:1    | Found Plaghi's Book Shop.
 28313 | Elf:2    | Reached skill level 5 in Air Magic
 28776 | Elf:2    | Gained mutation: Your flesh is cold resistant. [Jiyva's grace]
 28790 | Elf:2    | Found a runed gate.
 28790 | Elf:2    | Found a runed gate.
 28792 | Elf:2    | Found a runed gate.
 28822 | Elf:3    | Entered Level 3 of the Elven Halls
 29090 | Elf:3    | Identified the Disquisition on Ghastly Ice
 29109 | Elf:3    | Reached XP level 18. HP: 116/132 MP: 13/31
 29267 | Elf:3    | Noticed Donald
 29270 | Elf:3    | Reached skill level 5 in Spellcasting
 29294 | Elf:3    | Killed Donald
 29371 | Elf:3    | Learned a level 1 spell: Animate Skeleton
 29605 | Elf:3    | Lost mutation: Your flesh is cold resistant. [Jiyva's grace]
 29623 | Elf:3    | Lost mutation: You are partially covered in icy blue scales (AC +1). [Jiyva's grace]
 29632 | Elf:3    | Lost mutation: You are weak. (Str -2) [Jiyva's grace]
 29637 | Elf:3    | Lost mutation: You are partially covered in iridescent scales (AC +4). [Jiyva's grace]
 29653 | Elf:3    | Gained mutation: Your flesh is cold resistant. [Jiyva's grace]
 29664 | Elf:3    | Lost mutation: Your spells are harder to cast, but more powerful. [Jiyva's grace]
 29676 | Elf:3    | Gained mutation: You are partially covered in iridescent scales (AC +4). [Jiyva's grace]
 29717 | Elf:3    | Lost mutation: Your flesh is cold resistant. [Jiyva's grace]
 29734 | Elf:3    | Lost mutation: You are somewhat resistant to further mutation. [Jiyva's grace]
 30029 | Elf:3    | Cast into the Abyss (a deep elf demonologist)
 30029 | Abyss:1  | Found a corrupted altar of Lugonu.
 30044 | Elf:3    | Escaped the Abyss
 30116 | Elf:3    | Lost mutation: You are covered in fur (AC +1). [Jiyva's grace]
 30205 | Elf:3    | Reached skill level 22 in Unarmed Combat
 30205 | Elf:3    | Reached skill level 15 in Charms
 30475 | D:12     | Bought a scroll of magic mapping for 42 gold pieces
 30475 | D:12     | Bought a scroll of identify for 24 gold pieces
 30475 | D:12     | Bought a scroll of identify for 24 gold pieces
 30475 | D:12     | Bought a scroll of identify for 24 gold pieces
 30582 | Vaults:1 | Entered Level 1 of the Vaults
 30857 | Vaults:1 | Lost mutation: Your body is partially covered in golden eyeballs (Acc +3). [Jiyva's grace]
 30886 | Vaults:1 | Gained mutation: You tend to lose your temper in combat. [Jiyva's grace]
 30906 | Vaults:1 | Lost mutation: You tend to lose your temper in combat. [Jiyva's power]
 30963 | Vaults:1 | Lost mutation: Your skin is mostly translucent (Stealth, -foe acc). [Jiyva's grace]
 31119 | Vaults:1 | Reached XP level 19. HP: 108/140 MP: 14/32
 31332 | Vaults:1 | Lost mutation: Your spells are a little harder to cast, but a little more powerful. [Jiyva's grace]
 31362 | Vaults:1 | Learned a level 5 spell: Silence
 31371 | Vaults:1 | Lost mutation: You are partially covered in iridescent scales (AC +4). [Jiyva's grace]
 31408 | Vaults:1 | Gained mutation: Your rubbery body absorbs attacks (AC +1). [Jiyva's grace]
 31464 | Vaults:1 | Got a translucent helmet
 31475 | Vaults:1 | Identified the +1 helmet of Starshine {rF+ Regen+ Str+4 Dex+2} (You found it on level 1 of the Vaults)
 31551 | Vaults:1 | Reached skill level 1 in Hexes
 32128 | Vaults:2 | Gained mutation: You are somewhat resistant to further mutation. [Jiyva's grace]
 32223 | Vaults:2 | Found Eduamm's General Store.
 32458 | Vaults:2 | Found a deep blue altar of Sif Muna.
 32470 | Vaults:2 | Reached skill level 5 in Hexes
 32503 | Vaults:2 | Got a faintly glowing amethyst amulet
 32800 | Vaults:2 | Found a staircase to the Crypt.
 33243 | Vaults:2 | Gained mutation: You have a pair of small horns on your head. [Jiyva's grace]
 33564 | Vaults:3 | Learned a level 3 spell: Ozocubu's Armour
 33739 | Vaults:3 | Gained mutation: You have a pair of horns on your head. [Jiyva's grace]
 33823 | Vaults:3 | Gained mutation: You are partially covered in rugged brown scales (AC +1, +3% HP). [Jiyva's grace]
 33917 | Vaults:3 | Gained mutation: You are covered in fur (AC +1). [Jiyva's grace]
 34205 | Vaults:3 | Lost mutation: Your skin is partially translucent (Stealth, -foe acc). [Jiyva's grace]
 34297 | Vaults:4 | HP: 7/146 [ettin/dire flail (25)]
 34299 | Vaults:4 | Demolished by an ettin

Action                   |  1- 3 |  4- 6 |  7- 9 | 10-12 | 13-15 | 16-18 | 19-21 || total
-------------------------+-------+-------+-------+-------+-------+-------+-------++-------
Melee: Unarmed           |    95 |   197 |   290 |   583 |  1264 |  1182 |   462 ||  4073
Throw: Throwing net      |       |       |       |     2 |       |       |       ||     2
 Cast: Repel Missiles    |       |       |     2 |     3 |       |     5 |       ||    10
       Shock             |       |       |     1 |     2 |     1 |       |       ||     4
       Regeneration      |       |       |       |       |     8 |    25 |    10 ||    43
       Apportation       |       |       |       |       |     4 |     4 |       ||     8
       Deflect Missiles  |       |       |       |       |       |     2 |       ||     2
       Ozocubu's Armour  |       |       |       |       |       |       |     4 ||     4
Invok: Jelly Paralyse    |       |       |       |       |     3 |     1 |       ||     4
       Request Jelly     |       |       |       |       |       |     1 |       ||     1
       Cure Bad Mutation |       |       |       |       |       |     3 |     2 ||     5
 Abil: Evoke Berserk Rag |       |       |       |       |     4 |     2 |       ||     6
       Evoke Invisibilit |       |       |       |       |       |     6 |       ||     6
Evoke: Wand              |       |       |       |     5 |     7 |    17 |       ||    29
       Phial of floods   |       |       |       |       |       |       |     1 ||     1
  Use: Potion            |     1 |     2 |     1 |     4 |     7 |     3 |     1 ||    19
       Scroll            |       |     7 |     2 |    18 |    12 |    11 |       ||    50
 Stab: Sleeping          |     4 |     5 |    11 |    23 |    22 |    17 |     8 ||    90
       Distracted        |       |       |     2 |       |     6 |     8 |       ||    16
       Invisible         |       |       |       |       |     2 |    33 |       ||    35
       Paralysed         |       |       |       |       |     1 |     7 |       ||     8
       Confused          |       |       |       |       |       |    11 |       ||    11
  Eat: Corpse            |     9 |    10 |    18 |    30 |    21 |     1 |     1 ||    90
